 Dungeon Crawl Stone Soup version 0.17.1-1-g73c8601 (webtiles) character file.

198 Andry07 the Shield-Bearer (level 5, -4/27 HPs)
             Began as a Vine Stalker Fighter on Dec 27, 2015.
             Slain by an ogre
             ... wielding a +0 giant spiked club
              (14 damage)
             ... on level 4 of the Dungeon.
             The game lasted 00:07:55 (2417 turns).

Andry07 the Shield-Bearer (Vine Stalker Fighter)    Turns: 2417, Time: 00:07:55

Health: -4/27      AC: 16    Str: 24    XL:     5   Next: 76%
Magic:  0/6        EV:  5    Int:  8    God:
Gold:   165        SH: 10    Dex: 14    Spells: 0 memorised, 4 levels left

rFire  . . .     SeeInvis .     a - +0 long sword
rCold  . . .     Clarity  .     l - +1 plate armour
rNeg   . . .     SustAt   .     c - +0 shield
rPois  .         Gourm    .     (no helmet)
rElec  .         Spirit   +     t - +0 cloak
rCorr  .         Warding  .     (no gloves)
rMut   .         Stasis   .     (no boots)
MR     .....                    j - amulet of inaccuracy (curse)
Stlth  ..........               p - ring of stealth
                                o - +3 ring of protection

@: mighty, not resistant to hostile enchantments, extremely unstealthy
A: fangs 2, regeneration 1, magic shield, antimagic bite, no device heal 3, rot
immunity
a: no special abilities


You were on level 4 of the Dungeon.
You were not hungry.

You visited 1 branch of the dungeon, and saw 4 of its levels.

You collected 165 gold pieces.

Inventory:

Hand Weapons
 a - a +0 long sword (weapon)
Armour
 b - a +0 scale mail
 c - a +0 shield (worn)
 l - a +1 plate armour (worn)
 t - a +0 cloak (worn)
Jewellery
 g - an uncursed amulet of clarity
 j - a cursed amulet of inaccuracy (around neck)
 o - a +3 ring of protection (left hand)
 p - a ring of stealth (right hand)
 v - a +2 ring of intelligence {unknown}
Scrolls
 f - a scroll of enchant armour
 h - a scroll of immolation
 k - a scroll of blinking
 r - 2 scrolls of identify {unknown}
 s - a scroll of amnesia {unknown}
 x - a scroll of enchant weapon {unknown}
 y - a scroll of remove curse {unknown}
 z - a scroll of fear {unknown}
Potions
 d - a potion of might
 i - 2 potions of ambrosia {unknown}
 m - 2 potions of cancellation {unknown}
 n - a potion of heal wounds {unknown}
 q - a potion of curing {unknown}
 w - a potion of invisibility {unknown}
Books
 A - a book of Death

   Spells                             Type                      Level
   a - Corpse Rot                     Necromancy                   2
   b - Sublimation of Blood           Necromancy                   2
   c - Agony                          Necromancy                   5
   d - Dispel Undead                  Necromancy                   5
   e - Excruciating Wounds            Charms/Necromancy            5
   f - Bolt of Draining               Conjuration/Necromancy       5
Comestibles
 e - 3 bread rations
 u - a royal jelly


   Skills:
 - Level 2.6 Fighting
 - Level 1.7 Long Blades
 - Level 2.4 Armour
 + Level 2.1 Dodging
 + Level 0.3 Stealth
 + Level 5.0 Shields


You had 4 spell levels left.
You didn't know any spells.

Dungeon Overview and Level Annotations

Branches:
Dungeon (4/15)
 Temple: D:4-7

Altars:
Zin

Annotations:
D:4 Natasha


Innate Abilities, Weirdness & Mutations

You have extremely sharp teeth.
Your natural rate of healing is unusually fast.
When hurt, damage is shared between your health and your magic reserves.
Your bite disrupts and absorbs the magic of your enemies.
Potions and wands cannot restore your health.
You are immune to rotting.


Message History

The ogre is heavily wounded.
The ogre hits you with a giant spiked club!
You block Natasha's attack.
Natasha casts a spell.
Your shield and plate armour prevent you from hitting the ogre.
The ogre is heavily wounded.
The ogre hits you but does no damage. Natasha casts a spell at you.
You resist with some effort.
You closely miss the ogre. Your bite misses the ogre.
The ogre is heavily wounded.
The ogre barely misses you. The white imp gestures at you.
The puff of frost hits you! Natasha claws you.
Drink which item? (? for menu, Esc to quit)
You feel very mighty all of a sudden. You block the white imp's attack.
Natasha claws you.
The ogre hits you with a giant spiked club!
Ouch! That really hurt!
You die...

####### #.....#
####.....# .
#........# ##..
#.....#5@# ...).
.##...###hO##......
.......รท....'...h..
#########..##......
.........# ...##
########.# ..# #<#
## ###


You could see an ogre, Natasha and a white imp.

Vanquished Creatures
  A worker ant (D:3)
  10 adders
  An ooze (D:1)
  2 worms
  4 giant geckos
  An orc (D:2)
  2 ball pythons
  4 giant cockroaches
  11 hobgoblins
  3 jackals (D:1)
  3 quokkas (D:2)
  9 bats
  2 giant newts
  4 goblins
  12 kobolds
  7 rats
76 creatures vanquished.

Notes
Turn   | Place    | Note
--------------------------------------------------------------
     0 | D:1      | Andry07 the Vine Stalker Fighter began the quest for the Orb.
     0 | D:1      | Reached XP level 1. HP: 11/11 MP: 2/2
    75 | D:1      | Reached skill level 3 in Shields
   149 | D:1      | Reached XP level 2. HP: 13/16 MP: 3/3
   402 | D:1      | Reached XP level 3. HP: 15/19 MP: 2/4
   819 | D:2      | Reached skill level 4 in Shields
   821 | D:2      | Reached skill level 1 in Dodging
   864 | D:2      | Reached XP level 4. HP: 15/23 MP: 2/5
   989 | D:2      | Found a glowing silver altar of Zin.
  1588 | D:3      | Reached XP level 5. HP: 16/27 MP: 6/6
  2381 | D:4      | Reached skill level 5 in Shields
  2401 | D:4      | Noticed Natasha
  2401 | D:4      | Noticed an ogre
  2417 | D:4      | Slain by an ogre

Action                   |  1- 3 |  4- 6 || total
-------------------------+-------+-------++-------
Melee: Long sword        |   101 |   281 ||   382
  Use: Scroll            |       |     4 ||     4
       Potion            |       |     1 ||     1
 Stab: Sleeping          |       |     1 ||     1
  Eat: Chunk             |       |     6 ||     6
